 Dungeon Crawl Stone Soup version 0.31-a0-564-g3b7de120b3 (webtiles) character file.

Game seed: 2646252625822915284

2644 IdlyInterested the Slicer (level 9, -4/64 HPs)
             Began as a Demonspawn Gladiator on Aug 17, 2023.
             Slain by a manticore (7 damage)
             ... on level 7 of the Dungeon.
             The game lasted 00:23:17 (5422 turns).

IdlyInterested the Slicer (Demonspawn Gladiator)    Turns: 5422, Time: 00:23:19

Health: -4/64      AC: 11    Str: 24    XL:     9   Next: 35%
Magic:  13/13      EV: 13    Int: 11    God:
Gold:   186        SH:  0    Dex: 14    Spells: 14/14 levels left

rFire   . . .        t - +4 hand axe of the Mind {venom, rN+}
rCold   . . .        (no shield)
rNeg    + + .        a - +2 robe {Will+}
rPois   .            (helmet restricted)
rElec   .            c - +0 cloak
rCorr   +            r - +0 pair of gloves
SInv    .            v - +0 pair of boots
Will    ++...        y - amulet of regeneration
Stlth   +++          x - ring of Quockali {Drain +Blink rN+ Str+6 Slay+3}
HPRegen 1.10/turn    (no ring)
MPRegen 0.13/turn

%: no passive effects
@: spiked
A: antennae 2, yellow scales 3, spiny 1, demonic magic 1, strong-willed 1
a: Evoke Blink


You were on level 7 of the Dungeon.
You visited 2 branches of the dungeon, and saw 8 of its levels.

You collected 347 gold pieces.
You spent 161 gold pieces at shops.

Inventory:

Hand Weapons
 i - a +0 short sword of flaming
 p - a +3 dagger
 t - the +4 hand axe of the Mind (weapon) {venom, rN+}
   (You found it on level 2 of the Dungeon)

   rN+:       It protects you from negative energy.
Missiles
 d - 3 throwing nets
 e - 6 javelins
 h - 14 boomerangs
 u - 43 stones (quivered)
 w - 13 poisoned darts
Armour
 a - a +2 robe of willpower (worn)
 c - a +0 cloak (worn)
 m - a +2 ring mail of cold resistance
 r - a +0 pair of gloves (worn)
 v - a +0 pair of boots (worn)
 A - the +0 robe of Nemelex Xobeh's Grace {rElec Str+3}
   (You found it on level 3 of the Dungeon)

   Str+3:     It affects your strength (+3).
   rElec:     It insulates you from electricity.
Magical Staves
 g - a staff of death
Jewellery
 f - an amulet of the acrobat
 s - a ring of fire
 x - the ring of Quockali (left hand) {Drain +Blink rN+ Str+6 Slay+3}
   (You acquired it on level 7 of the Dungeon)

   [ring of strength]

   Str+6:     It affects your strength (+6).
   Slay+3:    It affects your accuracy & damage with ranged weapons and melee
   (+3).
   rN+:       It protects you from negative energy.
   +Blink:    It lets you blink.
   Drain:     It drains your maximum health when unequipped.
 y - an amulet of regeneration (around neck)
Talismans
 q - a beast talisman
Wands
 C - a wand of acid (3)
Scrolls
 b - 2 scrolls of fear
 j - 2 scrolls of enchant weapon
 k - a scroll of teleportation
 B - a scroll of poison
Potions
 l - 4 potions of curing
 n - a potion of lignification
 o - a potion of heal wounds


   Skills:
 + Level 3.4 Fighting
 * Level 9.4 Short Blades
 - Level 4.0 Staves
 - Level 2.0 Throwing
 - Level 1.0 Armour
 - Level 3.0 Dodging
 - Level 4.0 Stealth
 - Level 3.0 Spellcasting
 - Level 1.0 Evocations


You had 14 spell levels left.
You didn't know any spells.
Your spell library contained the following spells:

 Spells                   Type           Power      Damage    Failure   Level
 Necrotise                Necr           4%         1d4       26%         1
 Ensorcelled Hibernation  Hex/Ice        2%         N/A       36%         2
 Wereblood                Tmut           1%         N/A       36%         2
 Frozen Ramparts          Ice            2%         1d1       61%         3
 Vampiric Draining        Necr           1%         2d6       61%         3
 Anguish                  Hex/Necr       0%         N/A       95%         4
 Petrify                  Tmut/Erth      1%         N/A       95%         4
 Agony                    Necr           1%         N/A       100%        5
 Irradiate                Conj/Tmut      0%         3d11      100%        5
 Metabolic Englaciation   Hex/Ice        0%         N/A       100%        5


Dungeon Overview and Level Annotations

Branches:
Dungeon (7/15)             Temple (1/1) D:5

Altars:
Ashenzari
Cheibriados
Dithmenos
Fedhas
Gozag
Hepliaklqana
Kikubaaqudgha
Makhleb
Nemelex Xobeh
Okawaru
Qazlal
Ru
Sif Muna
Trog
Uskayaw
Vehumet
Wu Jian
Xom
Yredelemnul

Shops:
D:1 *   D:5 =   D:6 [


Innate Abilities, Weirdness & Mutations

You have a pair of antennae on your head.
You are completely covered in yellow scales. (AC +4, rCorr)
You are partially covered in sharp spines.
Spells you cast may paralyse adjacent enemies.
You are strong-willed. (Will+)


Message History

The manticore flicks its tail.
The volley of spikes hits you!!
The barbed spikes become lodged in your body.
The iguana hisses angrily.
Okay, then.
You hit the iguana.
The iguana is poisoned.
The iguana is moderately wounded.
The manticore flicks its tail.
The volley of spikes hits you!
The barbed spikes become lodged in your body.
The iguana is struck by your spines. The iguana misses you.
You slash the iguana!
You kill the iguana!
The manticore barely misses you. x2; The manticore closely misses you.
You slash the manticore!
The manticore is poisoned.
The manticore is lightly wounded.
The manticore is struck by your spines. The manticore completely misses you.
The manticore misses you. The manticore closely misses you.
You hit the manticore.
The manticore looks as sick as possible!
The manticore is moderately wounded.
The manticore bites you!
The manticore claws you but does no damage.
The manticore claws you!
You slash the manticore!
The manticore looks as sick as possible!
The manticore is heavily wounded.
The manticore misses you. The manticore closely misses you.
The manticore claws you but does no damage.
The manticore is struck by your spines. The manticore closely misses you.
The manticore claws you. The manticore claws you!
* * * LOW HITPOINT WARNING * * *
You hit the manticore.
The manticore looks as sick as possible!
The manticore is heavily wounded.
The manticore is struck by your spines. The manticore bites you!
* * * LOW HITPOINT WARNING * * *
The manticore claws you but does no damage.
The manticore claws you!
You die...

# ##. #.. #.###
#.#.## #..#.##
{ #.###.# #
#..#.####.#
#.###.#@H.#
#..#.#.#(##
#.#########
#..# .# #
##.#### .##.##
##....###.....#
#..........#
#..######..#.#
# ### #..# .#


You could see a manticore (extremely poisoned).

Vanquished Creatures
  Prince Ribbit (D:5)
  Sigmund (D:2)
  A water moccasin (D:6)
  An orc warrior (D:6)
  3 black bears
  An ogre (D:4)
  2 centaurs
  3 phantoms
  A kobold brigand (D:6)
  A bullfrog (D:6)
  4 scorpions
  3 vampire bats (D:5)
  5 jellies
  3 hounds
  5 orc priests
  Crazy Yiuf (D:5)
  3 sleepcaps
  2 iguanas
  Ijyb (D:5)
  An orc wizard (D:7)
  4 gnolls (D:3)
  11 adders
  A shadow imp (D:5)
  An ufetubus (D:6)
  A worm (D:2)
  5 dart slugs
  22 orcs
  9 bats
  9 endoplasms
  7 giant cockroaches
  5 goblins
  7 hobgoblins
  7 jackals
  3 quokkas
  10 ball pythons
  4 frilled lizards
  22 kobolds
  5 rats
176 creatures vanquished.

Notes
Turn   | Place    | Note
-------+----------+-------------------------------------------
     0 | D:1      | IdlyInterested the Demonspawn Gladiator began the quest for
                  | the Orb.
     0 | D:1      | Reached XP level 1. HP: 16/16 MP: 1/1
   192 | D:1      | Gained mutation: You have a pair of small antennae on your
                  | head. [demonic ancestry]
   192 | D:1      | Reached XP level 2. HP: 22/22 MP: 2/2
   294 | D:1      | Found Vubb's General Store.
   624 | D:1      | Gained mutation: You are partially covered in yellow
                  | scales. (AC +2) [demonic ancestry]
   624 | D:1      | Reached XP level 3. HP: 27/27 MP: 3/3
  1146 | D:2      | Identified the +4 hand axe of the Mind {venom, rN+}
  1173 | D:2      | Reached skill level 1 in Armour
  1173 | D:2      | Gained mutation: Spells you cast may paralyse adjacent
                  | enemies. [demonic ancestry]
  1173 | D:2      | Reached XP level 4. HP: 31/33 MP: 4/4
  1219 | D:2      | Noticed Sigmund
  1226 | D:2      | Killed Sigmund
  1227 | D:2      | Reached skill level 3 in Short Blades
  1227 | D:2      | Reached skill level 1 in Stealth
  1227 | D:2      | Gained mutation: You have a pair of antennae on your head.
                  | [demonic ancestry]
  1227 | D:2      | Reached XP level 5. HP: 38/38 MP: 5/5
  1587 | D:2      | Gained mutation: You are partially covered in sharp spines.
                  | [demonic ancestry]
  1587 | D:2      | Reached XP level 6. HP: 39/44 MP: 6/6
  1915 | D:1      | Bought a scroll of enchant weapon for 105 gold pieces
  2408 | D:3      | Reached skill level 4 in Short Blades
  2408 | D:3      | Reached skill level 1 in Evocations
  2727 | D:3      | Found a blossoming altar of Fedhas.
  2734 | D:3      | Identified the +0 robe of Nemelex Xobeh's Grace {rElec
                  | Str+3}
  2951 | D:1      | Bought a scroll of fear for 56 gold pieces
  3158 | D:4      | Reached skill level 5 in Short Blades
  3158 | D:4      | Reached skill level 1 in Spellcasting
  3309 | D:4      | You fall into a shaft and drop 1 floor!
  3309 | D:5      | Entered Level 5 of the Dungeon
  3356 | D:5      | Found Nevoahe's Jewellery Emporium.
  3370 | D:5      | Gained mutation: You are mostly covered in yellow scales.
                  | (AC +3) [demonic ancestry]
  3370 | D:5      | Reached XP level 7. HP: 45/50 MP: 8/8
  3447 | D:5      | Noticed Prince Ribbit
  3480 | D:5      | Killed Prince Ribbit
  3481 | D:5      | Reached skill level 6 in Short Blades
  3496 | D:5      | Gained mutation: You are completely covered in yellow
                  | scales. (AC +4, rCorr) [demonic ancestry]
  3496 | D:5      | Reached XP level 8. HP: 40/56 MP: 9/9
  4153 | D:5      | Reached skill level 7 in Short Blades
  4158 | D:5      | Noticed Ijyb
  4164 | D:5      | Killed Ijyb
  4171 | D:5      | Found a staircase to the Ecumenical Temple.
  4182 | Temple   | Entered the Ecumenical Temple
  4353 | D:5      | Gained mutation: You occasionally lose the ability to drink
                  | potions when taking damage. [potion of mutation]
  4353 | D:5      | Gained mutation: You are strong-willed. (Will+) [potion of
                  | mutation]
  4353 | D:5      | Lost mutation: You occasionally lose the ability to drink
                  | potions when taking damage. [potion of mutation]
  4403 | D:5      | Found a runed translucent door.
  4404 | D:5      | Noticed Crazy Yiuf
  4413 | D:5      | Killed Crazy Yiuf
  4535 | D:6      | Reached skill level 8 in Short Blades
  4598 | D:6      | Found Honel's Antique Armour Shop.
  4700 | D:6      | Reached XP level 9. HP: 23/63 MP: 13/13
  4857 | D:6      | Reached skill level 9 in Short Blades
  5328 | D:7      | Identified a scroll of acquirement
  5328 | D:7      | Acquired the ring of Quockali {Drain +Blink rN+ Str+6
                  | Slay+3}
  5415 | D:7      | Noticed a manticore
  5422 | D:7      | HP: 3/64 [manticore (13)]
  5422 | D:7      | Slain by a manticore

Illustrated notes

Levels and vault maps discovered:
D:1:      dpeg_arrival_boxes_within_box, layout_basic, serial_shops, shop,
          minmay_heptomino_w4
D:2:      layout_basic, serial_forest, infiniplex_forest_lined_corner,
          infiniplex_forest_straight_1, infiniplex_forest_pool,
          infiniplex_forest_lined_4_way, uniq_sigmund
D:3:      corexii_shack_village, layout_basic, lemuel_round_altar
D:4:      layout_basic
D:5:      layout_rooms, minmay_temple_entry_mist, serial_shops,
          nicolae_shop_hallway_plus, roderic_batcave, uniq_crazy_yiuf_cottage,
          uniq_prince_ribbit1, uniq_ijyb
D:6:      layout_rooms, serial_shops, nicolae_diamond_shop
D:7:      layout_layer_cave, minmay_small_thing
Temple:   roderic_octagonal_lattice_temple

Skill      XL: |  1  2  3  4  5  6  7  8  9 |
---------------+----------------------------+-----
Throwing       | 2 |  2.0
Staves         | 3 4 |  4.0
Dodging        | 3 |  3.0
Armour         | 1 |  1.0
Short Blades   | 3 5 6 8 9 |  9.4
Stealth        | 1 3 4 |  4.0
Evocations     | 1 |  1.0
Spellcasting   | 1 3 |  3.0
Fighting       | 3 |  3.4

Action                     |  1- 3 |  4- 6 |  7- 9 || total
---------------------------+-------+-------+-------++-------
  Melee: Quarterstaff      |    94 |       |       ||    94
         Hand axe          |    13 |   130 |   171 ||   314
         Punch             |       |     3 |     3 ||     6
  Throw: Boomerang         |     9 |       |       ||     9
         Stone             |    15 |     1 |    10 ||    26
    Use: Scroll            |       |     6 |     2 ||     8
         Potion            |       |     4 |     6 ||    10
   Stab: Sleeping          |       |     5 |     8 ||    13
 Armour: Leather armour    |     8 |       |       ||     8
         Ring mail         |    19 |     2 |       ||    21
         Robe              |       |    17 |    93 ||   110
  Dodge: Dodged            |    93 |    70 |   145 ||   308

Table legend: (Time is in decaauts)
 A = Elapsed time spent in this place.
 B = Non-inter-level travel time spent in this place.
 C = Inter-level travel time spent in this place.
 D = Time resting spent in this place.
 E = Time spent auto-exploring this place.
 F = Levels seen in this place.
 G = Mean time per level.
                   A        B        C        D        E       F      G
               +--------+--------+--------+--------+--------+-----+--------+
         Total |   5527 |   4675 |    852 |    144 |   2835 |   8 |  690.9 |
       Dungeon |   5525 |   4673 |    852 |    144 |   2835 |   7 |  789.3 |
        Temple |      1 |      1 |      0 |      0 |      0 |   1 |    1.0 |
               +--------+--------+--------+--------+--------+-----+--------+

Top non-repeatable levels by time:
     D:1: 1092 daAuts
     D:2: 1075 daAuts
     D:3: 1033 daAuts
     D:4: 801 daAuts
     D:6: 708 daAuts
     D:5: 603 daAuts
     D:7: 210 daAuts
  Temple: 1 daAuts
